 Dungeon Crawl Stone Soup version 0.22.1-6-g1668fe2 (webtiles) character file.

1543 dengdeng the Carver (level 8, -13/70 HPs)
             Began as a Minotaur Berserker on Jan 28, 2019.
             Was a Priest of Trog.
             Mangled by a soul eater (15 damage)
             ... summoned by an orc sorcerer
             ... on level 7 of the Dungeon.
             The game lasted 00:18:13 (4274 turns).

dengdeng the Carver (Minotaur Berserker)            Turns: 4274, Time: 00:18:14

Health: -13/70     AC: 14    Str: 25    XL:     8   Next: 56%
Magic:  7/7        EV:  9    Int:  4    God:    Trog [***...]
Gold:   113        SH:  0    Dex: 12    Spells: 7/7 levels left

rFire    . . .     SeeInvis .   v - +1 long sword (holy)
rCold    + . .     Gourm    .   (no shield)
rNeg     . . .     Faith    .   m - +0 chain mail
rPois    .         Spirit   .   (helmet restricted)
rElec    .         Reflect  .   f - +0 cloak
rCorr    .         Harm     .   (no gloves)
MR       .....                  r - +0 pair of boots of Protective Custody {rC+ Dex+3}
Stlth    ..........             (no amulet)
HPRegen  0.21/turn              j - ring of flight
MPRegen  0.10/turn              l - +2 ring of protection

@: berserk cooldown, slowed, drained, very slow
A: retaliatory headbutt, horns 2
a: Berserk, Trog's Hand, Renounce Religion, Evoke Flight


You were on level 7 of the Dungeon.
You worshipped Trog.
Trog was most pleased with you.
You were very hungry.

You visited 1 branch of the dungeon, and saw 6 of its levels.

You collected 284 gold pieces.
You spent 171 gold pieces at shops.

Inventory:

Hand Weapons
 a - a +0 falchion
 v - a +1 long sword of holy wrath (weapon)
Missiles
 i - 162 stones (quivered)
 D - 3 tomahawks
Armour
 f - a +0 cloak (worn)
 m - a +0 chain mail (worn)
 r - the +0 pair of boots of Protective Custody (worn) {rC+ Dex+3}
   (You bought it in a shop on level 4 of the Dungeon)

   It affects your dexterity (+3).
   It protects you from cold.
Jewellery
 j - a ring of flight (left hand)
 l - a +2 ring of protection (right hand)
Wands
 u - a wand of polymorph (17)
 y - a wand of iceblast (7)
 A - a wand of paralysis (11)
Scrolls
 d - 4 scrolls of remove curse {unknown}
 g - 3 scrolls of fog {unknown}
 h - a scroll of enchant armour {unknown}
 k - 6 scrolls of identify {unknown}
 n - 7 scrolls of teleportation {unknown}
 s - a scroll of fear {unknown}
 w - a scroll of enchant weapon {unknown}
Potions
 b - 6 potions of agility {unknown}
 e - 2 potions of mutation {unknown}
 o - 3 potions of curing {unknown}
 p - 2 potions of magic {unknown}
 q - 2 potions of invisibility {unknown}
 t - 2 potions of haste {unknown}
 x - a potion of heal wounds {unknown}
 z - a potion of lignification {unknown}
 C - 2 potions of might {unknown}
Comestibles
 c - 10 rations
 B - 2 chunks of flesh


   Skills:
 + Level 6.0(5.7) Fighting
 * Level 10.6(10.2) Long Blades
 + Level 6.1(5.8) Armour
 + Level 3.1(2.8) Dodging
 + Level 0.7(0.5) Stealth


You had 7 spell levels left.
You didn't know any spells.
Your spell library was empty.

Dungeon Overview and Level Annotations

Branches:
Dungeon (7/15)             Temple (0/1) D:6

Altars:
Gozag
Okawaru
Trog
Wu Jian
Xom
The Shining One

Shops:
D:4 [


Innate Abilities, Weirdness & Mutations

You reflexively headbutt those who attack you in melee.
You have a pair of horns on your head.


Message History

Something hits you.
* * * LOW HITPOINT WARNING * * *
The soul eater hits you!
* * * LOW HITPOINT WARNING * * *
You feel drained.
* * * LOW HITPOINT WARNING * * *
The orc sorcerer hits you but does no damage.
Something hits you but does no damage.
You hit the orc sorcerer.
The orc sorcerer is severely wounded.
The soul eater hits you but does no damage.
The orc sorcerer hits you but does no damage.
Something hits you but does no damage.
The soul eater draws from the surrounding life force!
* * * LOW HITPOINT WARNING * * *
You hit the orc sorcerer.
The orc sorcerer is almost dead.
The orc sorcerer hits you but does no damage.
Something hits you but does no damage. The soul eater hits you!
You die...

.. .. #...#.. ./. ...
#..# .≈ ..) ≈... #..#
≈# ... #≈.# #...
..≈≈##.##≈≈.#. ..##....
≈≈.≈≈≈..<. ##.#....#.
......# ####......#..
##o..###
#....######.###3@{...##
#.#### #.#..%......#
..# ##.#.##.####..# ..#
#....##.# . #.###
#..####.# #...#
#..####.# ###.##
##.......#
#..####....#####
##...#.....#


You could see a soul eater and an orc sorcerer.

Vanquished Creatures
  An orc sorcerer (D:7)
  An ice beast (D:7)
  A sky beast (D:6)
  2 phantoms (D:7)
  A centaur (D:3)
  3 bullfrogs
  A scorpion (D:6)
  A howler monkey (D:4)
  2 crimson imps (D:6)
  2 hounds
  An orc wizard (D:3)
  4 worker ants
  A howler monkey skeleton (D:7)
  7 adders
  2 adder skeletons
  3 worms
  A dart slug (D:1)
  2 leopard geckos
  10 orcs
  6 bats
  8 giant cockroaches
  14 goblins
  11 hobgoblins
  4 jackals (D:3)
  3 kobolds
  2 quokkas (D:3)
  2 frilled lizards
  10 rats
  A butterfly (D:6)
107 creatures vanquished.

Vanquished Creatures (others)
  An orc (D:3)
1 creature vanquished.

Grand Total: 108 creatures vanquished

Notes
Turn   | Place    | Note
-------+----------+-------------------------------------------
     0 | D:1      | dengdeng the Minotaur Berserker began the quest for the
                  | Orb.
     0 | D:1      | Reached XP level 1. HP: 19/19 MP: 0/0
     3 | D:1      | Noticed an electric eel
     3 | D:1      | Noticed an electric eel
   282 | D:1      | Reached skill level 4 in Long Blades
   283 | D:1      | Reached XP level 2. HP: 24/27 MP: 1/1
   799 | D:1      | Reached ** piety under Trog
   928 | D:1      | Reached XP level 3. HP: 31/33 MP: 2/2
  1802 | D:3      | Reached skill level 5 in Long Blades
  1845 | D:3      | Reached XP level 4. HP: 40/40 MP: 3/3
  2063 | D:3      | Found a shimmering altar of Xom.
  2177 | D:3      | Found a glowing golden altar of the Shining One.
  2242 | D:3      | Found a bloodstained altar of Trog.
  2336 | D:3      | Noticed a centaur
  2341 | D:3      | Killed a centaur
  2341 | D:3      | Reached skill level 6 in Long Blades
  2341 | D:3      | Reached XP level 5. HP: 33/47 MP: 4/4
  2346 | D:3      | Reached *** piety under Trog
  2509 | D:3      | Found an ornate altar of the Wu Jian Council.
  2946 | D:4      | Reached XP level 6. HP: 53/53 MP: 5/5
  2981 | D:4      | Found Batorgh's Antique Armour Emporium.
  3004 | D:4      | Bought a pair of heavily runed boots for 171 gold pieces
  3009 | D:4      | Identified the +0 pair of boots of Protective Custody {rC+
                  | Dex+3} (You bought it in a shop on level 4 of the Dungeon)
  3186 | D:4      | You fall through a shaft for 2 floors!
  3275 | D:6      | Noticed a sky beast
  3286 | D:6      | Killed a sky beast
  3286 | D:6      | Reached skill level 7 in Long Blades
  3374 | D:6      | Found an opulent altar of Gozag.
  3380 | D:6      | Reached XP level 7. HP: 55/60 MP: 6/6
  3397 | D:6      | Reached skill level 8 in Long Blades
  3397 | D:6      | Reached skill level 5 in Armour
  3423 | D:6      | Found an iron altar of Okawaru.
  3666 | D:6      | Reached skill level 5 in Fighting
  3771 | D:6      | Found a staircase to the Ecumenical Temple.
  3995 | D:7      | Paralysed by an orc for 7 turns
  4024 | D:7      | Reached skill level 9 in Long Blades
  4103 | D:7      | Reached XP level 8. HP: 51/69 MP: 7/7
  4234 | D:7      | Noticed an orc sorcerer
  4237 | D:7      | Noticed a wizard
  4237 | D:7      | Noticed an orc sorcerer
  4245 | D:7      | Noticed a red devil
  4249 | D:7      | Noticed a hellwing
  4252 | D:7      | Killed an orc sorcerer
  4252 | D:7      | Reached skill level 10 in Long Blades
  4271 | D:7      | Noticed a soul eater
  4273 | D:7      | HP: 2/70 [soul eater/drain life[an orc sorcerer] (7)]
  4274 | D:7      | Mangled by a soul eater

Skill      XL: |  1  2  3  4  5  6  7  8 |
---------------+-------------------------+-----
Long Blades    | 4 5 6 7 9 10 | 10.6
Fighting       | 4 5 6 |  6.0
Armour         | 3 4 5 6 |  6.1
Dodging        | 3 |  3.1
Stealth        | |  0.7

Action                   |  1- 3 |  4- 6 |  7- 9 || total
-------------------------+-------+-------+-------++-------
Melee: Falchion          |    90 |   103 |    14 ||   207
       Headbutt          |    15 |    26 |    16 ||    57
       Long sword        |       |       |    73 ||    73
Throw: Stone             |     1 |       |     1 ||     2
Invok: Berserk           |     1 |       |     1 ||     2
       Trog's Hand       |     1 |       |     1 ||     2
  Eat: Chunk             |     3 |     6 |     3 ||    12
Armor: Leather armour    |    13 |       |       ||    13
       Chain mail        |    34 |    49 |    64 ||   147
Dodge: Dodged            |    46 |    68 |    19 ||   133
       Rpst.: Falchion   |    18 |    28 |     1 ||    47
       Long sword        |       |       |     5 ||     5
